 Dungeon Crawl Stone Soup version 0.30-a0-57-g8b159a9891 (webtiles) character file.

Game seed: 5540735194735226349

147 Decritt the Trooper (level 5, -9/34 HPs)
             Began as a Gargoyle Fighter on Sept 11, 2022.
             Killed from afar by Maggie (20 damage)
             ... with a bolt of fire
             ... on level 6 of the Dungeon.
             The game lasted 00:02:59 (2272 turns).

Decritt the Trooper (Gargoyle Fighter)              Turns: 2272, Time: 00:03:00

Health: -9/34      AC: 15    Str: 22    XL:     5   Next: 29%
Magic:  5/5        EV:  6    Int:  8    God:
Gold:   130        SH:  4    Dex:  9    Spells: 4/4 levels left

rFire   . . .      SeeInvis .    a - +0 flail
rCold   . . .      Faith    .    c - +0 buckler
rNeg    + . .      Spirit   .    q - +0 plate armour
rPois   ∞          Reflect  .    (no helmet)
rElec   +          Harm     .    (no cloak)
rCorr   .          Rampage  .    (no gloves)
Will    .....                    (no boots)
Stlth   ..........               (no amulet)
HPRegen 0.11/turn                (no ring)
MPRegen 0.09/turn                (no ring)

@: mighty, mesmerised
A: sickness immunity, AC +4, negative energy resistance 1, electricity
resistance, torment resistance 1, petrification resistance
a: no special abilities


You were on level 6 of the Dungeon.
You visited 1 branch of the dungeon, and saw 4 of its levels.

You collected 130 gold pieces.

Inventory:

Hand Weapons
 a - a +0 flail (weapon)
Armour
 b - a +0 scale mail
 c - a +0 buckler (worn)
 q - a +0 plate armour (worn)
Scrolls
 e - 4 scrolls of teleportation {unknown}
 f - 2 scrolls of vulnerability {unknown}
 g - 2 scrolls of identify {unknown}
 h - a scroll of brand weapon {unknown}
 i - a scroll of torment {unknown}
 j - a scroll of silence {unknown}
 l - a scroll of magic mapping {unknown}
 n - a scroll of fear {unknown}
Potions
 k - a potion of berserk rage {unknown}
 m - a potion of heal wounds {unknown}
 o - a potion of lignification {unknown}
 p - a potion of degeneration {unknown}


   Skills:
 * Level 4.6 Fighting
 * Level 3.3 Maces & Flails
 + Level 3.9 Armour
 + Level 4.0 Shields


You had 4 spell levels left.
You didn't know any spells.
Your spell library contained the following spells:

 Spells                   Type           Power      Damage    Failure   Level
 Sandblast                Erth           0%         2d4       100%        1
 Passwall                 Tmut/Erth      0%         N/A       100%        2
 Stone Arrow              Conj/Erth      0%         3d7       100%        3


Dungeon Overview and Level Annotations

Branches:
Dungeon (3/15)

Altars:

Annotations:
D:6 Maggie


Innate Abilities, Weirdness & Mutations

You are immune to sickness and miasma.
Your stone body is resilient. (AC +4)
You are immune to poison.
You resist negative energy. (rN+)
You are resistant to electric shocks. (rElec)
You are resistant to unholy torment.
You are immune to petrification.


Message History

The scorpion is almost dead.
The scorpion stings you but does no damage.
Maggie gestures wildly while chanting.
Maggie draws you further into her thrall.
The scorpion closely misses you.
You hit the scorpion but do no damage.
The scorpion is almost dead.
The scorpion stings you but does no damage.
You sock the scorpion!
You kill the scorpion!
Your Shields skill increases to level 4!
You have reached level 5!
You barely miss Maggie. Maggie barely misses you.
You sock Maggie!
Maggie is moderately wounded.
Maggie hits you with a +2 morningstar of flaming.
Maggie burns you. Maggie hits you but does no damage.
You thump Maggie!
Maggie is heavily wounded.
Maggie says, "Leave now, and tell all of Margery's mercy!"
You block Maggie's attack.
You bludgeon Maggie!!
Maggie is severely wounded.
Maggie hits you with a +2 morningstar of flaming.
Maggie burns you.
You sock Maggie!
Maggie is almost dead.
Maggie gestures at you while chanting. The bolt of fire hits you.
* * * LOW HITPOINT WARNING * * *
You barely miss Maggie.
Maggie is almost dead.
Maggie hits you with a +2 morningstar of flaming.
* * * LOW HITPOINT WARNING * * *
Maggie burns you.
* * * LOW HITPOINT WARNING * * *
Maggie casts a spell at you. The bolt of fire hits you!!
Ouch! That really hurt!
You die...

###########
#.........#
#.#####.#.###########
#...................#
#########.#########.#
#.# ... #.#####.#.#
#..@@.:...#
#.####....# #..
#..#.# #... .......
#.####.###### #.. ...
### #.# #.#


You could see Maggie (mesmerising).

Vanquished Creatures
  A scorpion (D:6)
  3 adders (D:2)
  2 worms (D:2)
  2 dart slugs
  5 bats
  5 endoplasms
  3 giant cockroaches (D:2)
  2 goblins (D:2)
  5 hobgoblins
  3 jackals (D:1)
  A quokka (D:1)
  5 ball pythons
  4 frilled lizards
  5 kobolds
  2 rats
48 creatures vanquished.

Notes
Turn   | Place    | Note
-------+----------+-------------------------------------------
     0 | D:1      | Decritt the Gargoyle Fighter began the quest for the Orb.
     0 | D:1      | Reached XP level 1. HP: 14/14 MP: 1/1
   178 | D:1      | Reached XP level 2. HP: 7/19 MP: 2/2
   667 | D:1      | Found a faded altar of an unknown god.
  1077 | D:2      | Reached XP level 3. HP: 24/24 MP: 3/3
  1415 | D:2      | Reached XP level 4. HP: 29/29 MP: 4/4
  2218 | D:3      | You fall into a shaft and drop 3 floors!
  2245 | D:6      | Noticed a scorpion
  2247 | D:6      | Noticed Maggie
  2266 | D:6      | Killed a scorpion
  2267 | D:6      | Reached XP level 5. HP: 30/34 MP: 5/5
  2272 | D:6      | Killed from afar by Maggie

Illustrated notes

Levels and vault maps discovered:
D:1:      amcnicky_arrival_feature_with_door, layout_basic,
          shapermc_ecumenical_altar_totnotflames, minivault_27
D:2:      layout_basic, grunt_decor_mini_mirrors, grunt_decor_one_mirror,
          minivault_5
D:3:      layout_basic, minmay_close_crescents, uniq_terence
D:6:      layout_basic, serial_shops, nicolae_shop_behind_doors,
          nicolae_shop_crystal, kennysheep_mini_moat, shop, uniq_eustachio,
          uniq_menkaure, uniq_maggie, uniq_sigmund

Skill      XL: |  1  2  3  4 |
---------------+-------------+-----
Fighting       | 4 |  4.6
Maces & Flails | 3 |  3.3
Shields        | 4 |  4.0
Armour         | |  3.9

Action                   |  1- 3 |  4- 6 || total
-------------------------+-------+-------++-------
Melee: Flail             |    96 |    76 ||   172
  Use: Potion            |       |     1 ||     1
Armor: Scale mail        |    75 |    33 ||   108
       Plate armour      |       |    14 ||    14
Dodge: Dodged            |    61 |    36 ||    97
Block: Buckler           |    26 |    22 ||    48

Table legend: (Time is in decaauts)
 A = Elapsed time spent in this place.
 B = Non-inter-level travel time spent in this place.
 C = Inter-level travel time spent in this place.
 D = Time resting spent in this place.
 E = Time spent auto-exploring this place.
 F = Levels seen in this place.
 G = Mean time per level.
                   A        B        C        D        E       F      G
               +--------+--------+--------+--------+--------+-----+--------+
         Total |   2323 |   2290 |     33 |      0 |   1899 |   4 |  580.8 |
       Dungeon |   2323 |   2290 |     33 |      0 |   1899 |   4 |  580.8 |
               +--------+--------+--------+--------+--------+-----+--------+

Top non-repeatable levels by time:
     D:2: 1149 daAuts
     D:1: 1090 daAuts
     D:6: 59 daAuts
     D:3: 23 daAuts
